Mecha, chaotic female elven Ranger #--------------- -------- #|.............| ------------- |......| #|.............| |...........| |......| ##...........`..| |....^......| |......| ----- ##|{............| |............# |......| |....##`####---------|----- --------.----# |......| ##-...| # # ## # ---.---- # |....#### # # # ### ### |...| # ### # ## # ---.- # # # ##################################################### ### ## # # ############### # --.-|- #------- -----|---# -+-|- `B@#### |....| #|.!![)| |.......|# |.... #------ |....| #|.!%=%| |.......|# |...| #|..<.| ##-....| #|.*.+%| |.......|# |....########.....| # |....| #|.)!!/| |.......|# |.>.| # |....-### ------ #|.(.*.| |.......+# |...| ------ #-*.?.%| --------- ----- ------- Mecha the Lookout Experience level: 4 Strength: 16 Dexterity: 11 Constitution: 14 Intelligence: 14 Wisdom: 14 Charisma: 7 Health: 0(26) Energy: 24(24) Def: 4 Gold: 370 Moves: 1833 Dungeon seed: 4sBJMLA1a8-8vH5f Game ID: Mecha_1477245575 Your Inventory: Coins $ - 370 gold pieces Weapons a - the +1 Sting (weapon in hand) b - a +1 elven bow (alternate weapon; not wielded) c - 56 +2 elven arrows d - 33 +0 elven arrows j - a +1 elven dagger (in quiver) k - a +0 orcish dagger Armor e - an uncursed +2 elven cloak (being worn) n - an uncursed +0 orcish helm (being worn) Comestibles f - 5 uncursed lembas wafers g - an uncursed lichen corpse h - 2 uncursed food rations Potions m - an uncursed potion of speed o - an uncursed potion of see invisible Tools l - an uncursed skeleton key Spells and supernatural/magical abilities: Name Level Category Fail Memory W - pray for help -- divine ? -- Your skills at the end: Fighting Skills Weapon Skills dagger [Basic] bow [Basic] Spellcasting Skills Final Attributes: You were piously aligned. You were sleep resistant. You were aware of the presence of orcs. You had automatic searching. You had infravision. You were stealthy. You are dead. Vanquished creatures: a little dog an acid blob a hobbit 2 giant rats a yellow mold a green mold a red mold 6 jackals 2 foxes a kobold 3 goblins a sewer rat 7 grid bugs 4 lichens 3 newts 35 creatures vanquished. Voluntary challenges: You used a wielded weapon 36 times, starting on turn 26. You were illiterate. You never genocided any monsters. You never polymorphed an object. You never changed form. You used no wishes. You never split a pudding. You never wrote Elbereth's name. You never violated your personal moral code. Dungeon overview: The Dungeons of Doom: levels 1 to 3 Level 1 a long staircase Level 2 some altars to Venus and Mars, a sink Level 3 <- You were here a general store, a fountain History has recorded: On T:1 you entered the Dungeons of Doom to retrieve the Amulet of Yendor! On T:367 you advanced to experience level 2. On T:731 you reached level 2 of The Dungeons of Doom. On T:1121 you advanced to experience level 3. On T:1329 you reached level 3 of The Dungeons of Doom. On T:1622 you advanced to experience level 4. Score breakdown: Gold: 370 ( 8740 points) Experience: 4 levels ( 9649 points) Exploration: 3 levels ( 6.67%) ( 6396 points) Discoveries: 0 items ( 0.00%) ( 0 points) Valuables value: (no points given unless you survive) Artifact value: 800 ( 9877 points) Variety of kills: 15 monsters ( 3.94%) ( 5952 points) Turncount: 1833 turns ( 0 points) Survival: died (score multiplied by 80%) Total score: 32491 Latest messages: "For you, esteemed lady; only 600 for this thick spellbook." q - a thick spellbook (unpaid, 600 zorkmids). You drop a thick spellbook (unpaid, 600 zorkmids). There are a few objects here. ÓãA picks up a red gem. ÓãA drops a red gem. You hear water falling on coins. Where do you want to travel to? Never mind. The door opens. With great effort you move the boulder. You hear some noises in the distance. You have a sad feeling for a moment, then it passes. You stop searching. The giant bat bites! (2x) You hit the giant bat. The giant bat bites! (2x) You miss the giant bat. The giant bat bites! (2x) You die... Final status: Goodbye Mecha the Ranger, killed by a giant bat... You died in The Dungeons of Doom on dungeon level 3 with 32491 points, and 370 pieces of gold, after 1833 moves. You were level 4 with a maximum of 26 hit points when you died.